 Dungeon Crawl Stone Soup version 0.17.1-3-g152610e (webtiles) character file.

81 kobby the Covered (level 4, -1/35 HPs)
             Began as a Human Fighter on Apr 10, 2016.
             Slain by an orc
             ... wielding a +0 trident
              (2 damage)
             ... on level 3 of the Dungeon.
             The game lasted 00:03:56 (1359 turns).

kobby the Covered (Human Fighter)                   Turns: 1359, Time: 00:03:56

Health: -1/35      AC:  6    Str: 19    XL:     4   Next: 67%
Magic:  4/4        EV:  7    Int:  9    God:
Gold:   149        SH:  9    Dex: 12    Spells: 0 memorised, 3 levels left

rFire  . . .     SeeInvis .     a - +0 long sword
rCold  . . .     Clarity  +     b - +0 scale mail
rNeg   . . .     SustAt   .     c - +0 shield
rPois  .         Gourm    .     (no helmet)
rElec  .         Spirit   .     (no cloak)
rCorr  .         Warding  .     (no gloves)
rMut   .         Stasis   .     (no boots)
MR     .....                    (no amulet)
Stlth  ..........               (no ring)
                                (no ring)

@: not resistant to hostile enchantments, extremely unstealthy
A: clarity, slow regeneration 1, strong 1
a: no special abilities


You were on level 3 of the Dungeon.
You were near starving.

You visited 1 branch of the dungeon, and saw 3 of its levels.

You collected 149 gold pieces.

Inventory:

Hand Weapons
 a - a +0 long sword (weapon)
Armour
 b - a +0 scale mail (worn)
 c - a +0 shield (worn)
Scrolls
 g - a scroll of blinking {unknown}
 h - a scroll of teleportation {unknown}
 i - 2 scrolls of identify {unknown}
 j - a scroll of enchant armour {unknown}
 l - a scroll of fog {unknown}
 m - 3 scrolls of noise {unknown}
 o - 2 scrolls of immolation {unknown}
 p - a scroll of magic mapping {unknown}
 t - a scroll of enchant weapon {unknown}
Potions
 d - 2 potions of might
 k - a potion of flight {unknown}
 n - 2 potions of brilliance {unknown}
 q - a potion of magic {unknown}
 r - a potion of ambrosia {unknown}
 s - a potion of experience {unknown}
Comestibles
 e - 2 bread rations
 f - 2 meat rations


   Skills:
 + Level 3.4 Fighting
 + Level 2.6 Long Blades
 + Level 3.6 Armour
 + Level 0.8 Dodging
 + Level 3.6 Shields


You had 3 spell levels left.
You didn't know any spells.

Dungeon Overview and Level Annotations

Branches:
Dungeon (3/15)

Altars:
Elyvilon
The Shining One


Innate Abilities, Weirdness & Mutations

You possess an exceptional clarity of mind.
You regenerate slowly when monsters are visible.
Your muscles are strong. (Str +2)


Message History

Your shield prevents you from hitting the orc priest.
The orc priest is moderately wounded.
The orc priest hits you with a flail.
* * * LOW HITPOINT WARNING * * *
The orc hits you but does no damage. You block the orc priest's attack.
The orc priest completely misses you.
You hit the orc priest but do no damage.
The orc priest is moderately wounded.
You block the orc's attack.
The orc priest hits you with an enchanted hand axe.
* * * LOW HITPOINT WARNING * * *
The orc priest calls down the wrath of Beogh upon you.
Pain shoots through your body!
* * * LOW HITPOINT WARNING * * *
You block the orc's attack.
You hit the orc priest.
The orc priest is heavily wounded.
You block the orc priest's attack. The orc priest closely misses you.
The orc hits you with a trident.
You die...

#......# ......#
.....# ....# ...## ..
.o.##...$ # #oo.?....
#. ##@## #.# #o..#
#.. #.8.# #.. #...# #
##.## # #.# # #####
##.## ##### #
###...###...###...#.#
..
#...8....._.....8...#
#..


You could see 2 orc priests and 2 orcs.

Vanquished Creatures
  Jessica (D:2)
  An adder (D:2)
  2 worms
  3 giant geckos
  An orc (D:3)
  2 giant cockroaches
  6 goblins
  8 hobgoblins
  2 kobolds (D:1)
  A quokka (D:3)
  4 bats
  A giant newt (D:1)
  5 rats
37 creatures vanquished.

Notes
Turn   | Place    | Note
--------------------------------------------------------------
     0 | D:1      | kobby the Human Fighter began the quest for the Orb.
     0 | D:1      | Reached XP level 1. HP: 18/18 MP: 1/1
   141 | D:1      | Reached XP level 2. HP: 24/24 MP: 2/2
   686 | D:2      | Reached XP level 3. HP: 8/29 MP: 3/3
   688 | D:2      | Gained mutation: You regenerate slowly when monsters are visible. [potion of mutation]
   688 | D:2      | Gained mutation: You possess an exceptional clarity of mind. [potion of mutation]
   688 | D:2      | Gained mutation: Your muscles are strong. (Str +2) [potion of mutation]
   861 | D:2      | Noticed Jessica
   870 | D:2      | Killed Jessica
   870 | D:2      | Reached XP level 4. HP: 28/35 MP: 4/4
   939 | D:2      | Found a glowing golden altar of the Shining One.
  1189 | D:2      | You fall through a shaft!
  1299 | D:3      | Found a white marble altar of Elyvilon.
  1358 | D:3      | HP: 1/35 [orc priest/nerve-wracking pain (8)]
  1359 | D:3      | Slain by an orc

Action                   |  1- 3 |  4- 6 || total
-------------------------+-------+-------++-------
Melee: Long sword        |    71 |    60 ||   131
  Use: Potion            |     2 |       ||     2
